 Dungeon Crawl Stone Soup version 0.29.1-15-g9cfb28693d (webtiles) character file.

Game seed: 6250510927533372057

4604 javelincjr the Magician (level 10, 0/68 (77) HPs)
             Began as a Demonspawn Hedge Wizard on Apr 25, 2023.
             Was an Elder of Wu Jian.
             Killed by divine providence
             ... invoked by an orc priest
              (9 damage)
             ... on level 8 of the Dungeon on Apr 26, 2023.
             The game lasted 00:59:47 (13866 turns).

javelincjr the Magician (Demonspawn Hedge Wizard)  Turns: 13866, Time: 00:59:48

HP:   0/68 (77)     AC:  5    Str: 11 (13) XL:     10   Next: 19%
MP:   11/20         EV: 15    Int: 18      God:    Wu Jian [****..]
Gold: 339           SH:  0    Dex:  8 (12) Spells: 14/22 levels left

rFire   + . .      SeeInvis .   o - +1 hammer (protect)
rCold   . . .      Faith    .   (no shield)
rNeg    . . .      Spirit   .   C - +1 leather armour {rF+}
rPois   .          Reflect  .   c - +0 hat
rElec   .          Harm     .   r - scarf {repulsion}
rCorr   .          Rampage  .   z - +0 pair of gloves
Will    +....                   (no boots)
Stlth   +.........              (no amulet)
HPRegen 0.21/turn               (no ring)
MPRegen 0.17/turn               (no ring)

@: heavily drained, repel missiles
A: horns 2, repulsion field 2, foul stench 1, powered by death 1, demonic
willpower, deterioration 1, evolution 1
a: Renounce Religion, Wall Jump, Serpent's Lash


You were on level 8 of the Dungeon.
You worshipped Wu Jian.
Wu Jian was greatly pleased with you.
You visited 2 branches of the dungeon, and saw 9 of its levels.
You also visited: Sewer.

You collected 339 gold pieces.

Inventory:

Hand Weapons
 a - a +0 dagger
 e - a +1 short sword of draining
 f - a +2 dagger of venom
 j - a +0 trident of protection
 m - a +4 quarterstaff of chaos
 o - a +1 hammer of protection (weapon)
 D - a +3 whip
 L - a +2 dagger of distortion
Missiles
 s - 4 curare-tipped darts
 M - 2 throwing nets
Armour
 b - a +0 robe
 c - a +0 hat (worn)
 n - a +0 cloak
 r - a scarf of repulsion (worn)
 z - a +0 pair of gloves (worn)
 A - a +4 chain mail
 C - a +1 leather armour of fire resistance (worn)
 N - a +0 kite shield
Magical Staves
 y - a staff of earth
Wands
 q - a wand of mindburst (4)
 x - a wand of digging (3)
 K - a wand of flame (21)
Scrolls
 g - 2 scrolls of teleportation
 p - 3 scrolls of silence
 t - 2 scrolls of butterflies
 F - a scroll of amnesia
 I - a scroll of poison
Potions
 d - a potion of magic
 h - a potion of brilliance
 i - a potion of might
 k - a potion of flight
 u - a potion of heal wounds
 B - 2 potions of curing
 E - a potion of mutation
 H - a potion of ambrosia {unknown}
 J - a potion of attraction {unknown}


   Skills:
 * Level 6.4 Fighting
 + Level 3.3 Short Blades
 + Level 4.0 Armour
 + Level 4.8 Dodging
 - Level 2.4 Stealth
 + Level 0.5 Shields
 * Level 6.8 Spellcasting
 + Level 4.9 Conjurations
 + Level 4.6 Summonings
 + Level 4.4 Translocations


You had 14 spell levels left.
You knew the following spells:

 Your Spells              Type           Power      Damage    Failure   Level
a - Magic Dart            Conj           92%        1d7       1%          1
b - Call Imp              Summ           23%        N/A       3%          2
c - Blink                 Tloc           44%        N/A       3%          2
d - Call Canine Familiar  Summ           23%        N/A       6%          3

Your spell library contained the following spells:

 Spells                   Type           Power      Damage    Failure   Level
 Summon Small Mammal      Summ           92%        N/A       1%          1
 Gell's Gravitas          Tloc           22%        N/A       7%          3
 Lesser Beckoning         Tloc           22%        N/A       7%          3
 Teleport Other           Tloc           22%        N/A       7%          3
 Slow                     Hex            24%        N/A       14%         1
 Conjure Flame            Conj/Fire      15%        6-21      16%         3
 Summon Guardian Golem    Hex/Summ       14%        N/A       16%         3
 Ensorcelled Hibernation  Hex/Ice        12%        N/A       22%         2
 Passwall                 Tmut/Erth      5%         N/A       22%         2
 Mephitic Cloud           Conj/Pois/Air  12%        N/A       22%         3
 Swiftness                Air            6%         N/A       38%         3


Dungeon Overview and Level Annotations

Branches:
Dungeon (8/15)             Temple (1/1) D:6           Sewer (visited)
   Lair: D:8-11

Altars:
Ashenzari
Dithmenos
Fedhas
Gozag
Hepliaklqana
Kikubaaqudgha
Makhleb
Nemelex Xobeh
Okawaru
Qazlal
Ru
Trog
Uskayaw
Vehumet
Wu Jian
Xom
Yredelemnul

Shops:
D:1 =   D:5 :   D:7 [


Innate Abilities, Weirdness & Mutations

You have a pair of horns on your head.
You are surrounded by a moderate repulsion field. (EV +3)
You may rarely emit foul miasma when damaged in melee.
You regenerate a little health from kills.
You punish those that try to bend your will. (Will+)
Your body sometimes deteriorates upon taking damage.
You have hidden genetic potential.


Message History

Your hound closely misses the howler monkey.
The howler monkey closely misses your hound.
Your hound closely misses the howler monkey.
You swap places.
The howler monkey misses your hound.
Your hound bites the howler monkey.
The howler monkey dies!
The Council accepts your kill.
The gnoll hits your hound with a +0 whip!
Your hound bites the gnoll.
Your hound closely misses the gnoll.
The gnoll hits your hound with a +0 whip.
Your hound bites the gnoll.
The gnoll closely misses your hound.
Your hound closely misses the gnoll.
Your hound closely misses the gnoll.
The gnoll misses your hound.
Your hound bites the gnoll.
The gnoll hits your hound with a +0 whip.
Your hound dies!
Your hound's corpse disappears in a puff of smoke!
Casting: Call Imp (safe; 3% risk of failure)
Confirm with . or Enter, or press ? or * to list all spells.
The gnoll hits your hound with a +0 whip!
The orc priest miscasts a cantrip.
You swap places.
A yak comes into view.
Your hound closely misses the gnoll.
The gnoll closely misses your hound.
The orc priest invokes the aid of Beogh against you.
Beogh smites you!
* * * LOW HITPOINT WARNING * * *
Your hound bites the gnoll.
Your hound barely misses the gnoll.
Your crimson imp blinks!
The gnoll barely misses your hound.
Your hound bites the gnoll.
The gnoll dies!
The Council accepts your kill.
You swap places.
Your crimson imp blinks!
The orc priest mumbles some strange prayers to Beogh against you.
Beogh smites you!
You die...

###. #.# [. #
.# .. ##
.#########
......D@.#
.#######5# #h#
#Y# # #Y# #.
#)#
.####.#######o#
......)<)...gg#
...........gg.#


You could see 2 yaks, an acid dragon, an orc priest, a gnoll, a friendly hound
(summoned) and a friendly crimson imp (summoned).

Vanquished Creatures
  Pikel (D:5)
  Psyche (D:8)
  Grinder (D:3)
  A steam dragon (D:7)
  A sky beast (D:7)
  An orc warrior (D:7)
  2 ice beasts (D:7)
  An ogre (D:5)
  2 black bears
  A lemure (D:5)
  6 kobold brigands
  6 scorpions
  3 wights (D:7)
  An electric eel (D:6)
  3 hounds
  A jelly (D:5)
  A gnoll bouda (D:6)
  4 orc priests
  Ijyb (D:3)
  4 iguanas
  3 orc wizards
  16 adders
  13 gnolls
  A river rat (Sewer)
  A white imp (D:5)
  2 ufetubi (D:6)
  9 worms
  4 dart slugs
  19 orcs
  8 bats
  8 endoplasms
  3 giant cockroaches
  12 goblins
  6 hobgoblins
  5 jackals
  18 kobolds
  5 quokkas
  11 ball pythons
  3 frilled lizards
  6 rats
195 creatures vanquished.

Vanquished Creatures (collateral kills)
  The ghost of QwertyIsDirtey404 the Chopper, an amateur MiBe of Trog (D:5)
  Duvessa (D:5)
  Blork the orc (D:6)
  2 necrophages
  A gnoll sergeant (D:7)
  Dowan (D:5)
  An electric eel (D:6)
  2 howler monkeys
  A jelly (D:6)
  2 orc priests
  2 hounds
  Crazy Yiuf (D:2)
  2 orc wizards
  Robin (D:2)
  2 adders (D:3)
  7 gnolls
  2 white imps
  7 orcs
  An endoplasm (D:2)
  4 goblins (D:2)
  A hobgoblin (D:2)
  A kobold (Sewer)
  A rat (D:3)
45 creatures vanquished.

Vanquished Creatures (others)
  3 fungi (D:5)
  A plant (D:5)
4 creatures vanquished.

Grand Total: 244 creatures vanquished

Notes
Turn   | Place    | Note
-------+----------+-------------------------------------------
     0 | D:1      | javelincjr the Demonspawn Hedge Wizard began the quest for
                  | the Orb.
     0 | D:1      | Reached XP level 1. HP: 13/13 MP: 4/4
   114 | D:1      | Reached skill level 1 in Translocations
   139 | D:1      | Gained mutation: You have a pair of small horns on your
                  | head. [demonic ancestry]
   139 | D:1      | Reached XP level 2. HP: 12/19 MP: 1/6
   659 | D:1      | Learned a level 2 spell: Call Imp
   709 | D:1      | Learned a level 2 spell: Blink
  1197 | D:1      | Found Neac's Jewellery Shop.
  1246 | D:2      | Gained mutation: You may rarely emit foul miasma when
                  | damaged in melee. [demonic ancestry]
  1246 | D:2      | Reached XP level 3. HP: 22/24 MP: 0/7
  1484 | D:2      | Noticed Robin
  1515 | D:2      | Killed Robin
  1644 | D:2      | Gained mutation: You have a pair of horns on your head.
                  | [demonic ancestry]
  1644 | D:2      | Reached XP level 4. HP: 20/30 MP: 3/8
  2032 | D:2      | Found a runed translucent door.
  2033 | D:2      | Noticed Crazy Yiuf
  2050 | D:2      | Killed Crazy Yiuf
  2435 | D:2      | Found a faded altar of an unknown god.
  2452 | D:2      | Prayed at the altar of an unknown god.
  2452 | D:2      | Became a worshipper of the Wu Jian Council
  2452 | D:2      | Reached * piety under Wu Jian
  2671 | D:2      | Gained mutation: You are surrounded by a mild repulsion
                  | field. (EV +2) [demonic ancestry]
  2671 | D:2      | Reached XP level 5. HP: 36/36 MP: 10/10
  2817 | D:3      | Noticed Ijyb
  2876 | D:3      | Killed Ijyb
  3007 | D:3      | Noticed Grinder
  3032 | D:3      | Reached skill level 1 in Fighting
  3093 | D:3      | Found a glowing drain.
  3150 | Sewer    | Entered a sewer
  3832 | Sewer    | Reached ** piety under Wu Jian
  3938 | Sewer    | Reached skill level 1 in Armour
  3938 | Sewer    | Gained mutation: You regenerate a little health from kills.
                  | [demonic ancestry]
  3938 | Sewer    | Reached XP level 6. HP: 28/44 MP: 11/11
  4651 | Sewer    | Gained mutation: You are surrounded by a moderate repulsion
                  | field. (EV +3) [demonic ancestry]
  4651 | Sewer    | Reached XP level 7. HP: 16/51 MP: 2/13
  4933 | D:3      | Paralysed by Grinder for 2 turns
  4947 | D:3      | Paralysed by Grinder for 3 turns
  4990 | D:3      | Killed Grinder
  6113 | D:3      | Learned a level 3 spell: Call Canine Familiar
  6870 | D:4      | Reached *** piety under Wu Jian
  6966 | D:4      | Gained mutation: You punish those that try to bend your
                  | will. (Will+) [demonic ancestry]
  6966 | D:4      | Reached XP level 8. HP: 49/60 MP: 1/15
  7170 | D:4      | Reached skill level 1 in Short Blades
  7590 | D:4      | Reached skill level 5 in Spellcasting
  7892 | D:5      | Entered Level 5 of the Dungeon
  7932 | D:5      | Noticed Duvessa
  7933 | D:5      | Noticed Dowan
  7940 | D:5      | Noticed Pikel
  7953 | D:5      | Killed Duvessa
  7986 | D:5      | Killed Pikel
  8165 | D:5      | Killed Dowan
  8544 | D:5      | Reached skill level 5 in Fighting
  8544 | D:5      | Reached XP level 9. HP: 68/68 MP: 17/17
  8552 | D:5      | Found Jyr Ycavve's Book Shop.
  9179 | D:5      | Found a runed translucent gate.
  9180 | D:5      | Found a runed translucent gate.
  9180 | D:5      | Noticed QwertyIsDirtey404's ghost (amateur MiBe)
  9182 | D:5      | Found a runed translucent gate.
  9222 | D:5      | Reached **** piety under Wu Jian
  9230 | D:5      | HP: 2/68 [QwertyIsDirtey404's ghost (6)]
  9242 | D:5      | Killed QwertyIsDirtey404's ghost
 10011 | D:6      | You fall into a shaft and drop 1 floor!
 11018 | D:7      | Found Guvaosch's Antique Armour Shoppe.
 11323 | D:6      | Noticed Blork the orc
 11333 | D:6      | Killed Blork the orc
 11387 | D:6      | Found a staircase to the Ecumenical Temple.
 11439 | Temple   | Entered the Ecumenical Temple
 11489 | Temple   | Gained mutation: Your body sometimes deteriorates upon
                  | taking damage. [potion of mutation]
 11489 | Temple   | Gained mutation: You have hidden genetic potential. [potion
                  | of mutation]
 12037 | D:6      | Reached XP level 10. HP: 25/76 MP: 12/19
 13431 | D:8      | Noticed a four-headed hydra
 13440 | D:8      | HP: 3/75 [four-headed hydra (8)]
 13823 | D:8      | Noticed Psyche
 13831 | D:8      | Killed Psyche
 13866 | D:8      | Killed from afar by an orc priest

Illustrated notes

Levels and vault maps discovered:
D:1:      minmay_arrival_shoal_huts, layout_basic, serial_shops, shop
D:2:      layout_rooms, nicolae_ecumenical_snake_handling,
          uniq_crazy_yiuf_cottage, uniq_robin
D:3:      layout_basic, gup_sewer_entry_spiral, uniq_ijyb, uniq_grinder
D:4:      layout_loops_ring, nicolae_eternal_life, grunt_decor_clamped,
          grunt_decor_mini_mirrors
D:5:      layout_basic, serial_shops, shop, gammafunk_ghost_nasty_kobolds,
          uniq_pikel, uniq_duvessa
D:6:      layout_cave_pools, minmay_temple_entry_tees,
          hangedman_decor_slide_cut, kennysheep_potato, uniq_blork_the_orc
D:7:      layout_loops_corners, kennysheep_nub, minmay_shop_grid_forest,
          minmay_fountain_box
D:8:      layout_loops_ring, marbit_many_paths, uniq_psyche
Temple:   hellmonk_temple_of_storms

Skill      XL: |  1  2  3  4  5  6  7  8  9 10 |
---------------+-------------------------------+-----
Translocations | 1 2 3 4 |  4.4
Dodging        | 2 3 4 |  4.8
Stealth        | 2 |  2.4
Conjurations   | 2 3 4 |  4.9
Fighting       | 2 3 5 6 |  6.4
Summonings     | 2 3 4 |  4.6
Armour         | 1 2 3 4 |  4.0
Spellcasting   | 4 5 6 |  6.8
Short Blades   | 2 3 |  3.3
Shields        | |  0.5

Action                   |  1- 3 |  4- 6 |  7- 9 | 10-12 || total
-------------------------+-------+-------+-------+-------++-------
Melee: Dagger            |    48 |   116 |   289 |       ||   453
       Punch             |     1 |     1 |     4 |       ||     6
       Headbutt          |     6 |    14 |    68 |    20 ||   108
       Short sword       |       |       |    62 |    54 ||   116
       Mace              |       |       |       |    26 ||    26
Throw: Dart              |       |       |     2 |       ||     2
 Cast: Magic Dart        |    73 |   117 |   155 |     7 ||   352
       Call Imp          |     2 |    17 |    31 |     8 ||    58
       Call Canine Famil |       |       |    38 |    16 ||    54
       Blink             |       |       |     6 |       ||     6
Invok: Whirlwind         |       |    15 |    44 |     6 ||    65
       Lunge             |       |     4 |    17 |     2 ||    23
       Serpent's Lash    |       |       |     1 |       ||     1
 Abil: Wall Jump         |       |       |     4 |     4 ||     8
Evoke: Wand              |       |       |     1 |       ||     1
  Use: Scroll            |       |       |    12 |       ||    12
       Potion            |       |       |     5 |       ||     5
 Stab: Distracted        |       |       |     2 |       ||     2
       Sleeping          |       |       |     1 |       ||     1
Armor: Robe              |    20 |    10 |    12 |       ||    42
       Leather armour    |       |       |    44 |    34 ||    78
Dodge: Dodged            |    40 |    67 |   228 |    87 ||   422
       Repelled          |       |       |     4 |     1 ||     5
